 Dungeon Crawl Stone Soup version 0.17-a0-1863-g715b4b0 (webtiles) character file.

103351 Kolbur the Impaler (level 16, -2/193 HPs)
             Began as a Merfolk Ice Elementalist on Sept 20, 2015.
             Was the Champion of the Shining One.
             Shot with an arrow by a naga sharpshooter (4 damage)
             ... led by Vashnia
             ... on level 3 of the Snake Pit.
             The game lasted 07:17:17 (15980 turns).

Kolbur the Impaler (Merfolk Ice Elementalist)      Turns: 15980, Time: 07:17:17

Health: -2/193     AC: 12    Str: 14    XL:     16   Next: 0%
Magic:  6/23       EV: 30    Int: 22    God:    the Shining One [******]
Gold:   118        SH:  0    Dex: 22    Spells: 5 memorised, 10 levels left

rFire  + + +     SeeInvis +     a - +0 glaive (flame)
rCold  . . .     Clarity  .     x - +1 robe of the Beginning {rPois rF+ MR- SInv}
rNeg   + + +     SustAt   .     (no shield)
rPois  +         Gourm    .     Z - +0 helmet
rElec  .         Spirit   .     z - +2 cloak {rF+}
rCorr  .         Warding  .     d - +2 pair of gloves
rMut   .         NoTele   +     h - +1 pair of boots of the Archfiend {-Tele rF++ Dex+3 SInv}
MR     .....                    u - amulet of rage
Stlth  ..........               R - ring of Napnon {EV+3 Int+6 Dex-3}
                                g - +3 ring of dexterity

@: berserking, very slightly contaminated, hasted, glowing, very quick, not
resistant to hostile enchantments, extremely unstealthy
A: change form in water, swift swim
a: Divine Shield, Cleansing Flame, Summon Divine Warrior, Brand Weapon With Holy
Wrath, Renounce Religion, Evoke Berserk Rage
}: 1/15 runes: decaying


You were on level 3 of the Snake Pit.
You worshipped the Shining One.
The Shining One was exalted by your worship.
You were not hungry.

You visited 6 branches of the dungeon, and saw 30 of its levels.
You also visited: Labyrinth, Sewer, Ice Cave and Volcano.

You collected 2046 gold pieces.
You spent 1928 gold pieces at shops.

Inventory:

Hand weapons
 a - a +0 glaive of flaming (weapon)
Missiles
 H - 13 tomahawks (quivered)
 K - a throwing net
Armour
 d - a +2 pair of gloves (worn)
 e - a +3 leather armour
 h - the +1 pair of boots of the Archfiend (worn) {-Tele rF++ Dex+3 SInv}
   (You found it on level 4 of the Dungeon)

   It affects your dexterity (+3).
   It greatly protects you from fire.
   It lets you see invisible.
   It prevents most forms of teleportation.
 x - the +1 robe of the Beginning (worn) {rPois rF+ MR- SInv}
   (You bought it in a shop on level 3 of the Orcish Mines)

   It protects you from fire.
   It protects you from poison.
   It affects your resistance to hostile enchantments.
   It lets you see invisible.
 z - a +2 cloak of fire resistance (worn)
 Z - a +0 helmet (worn)
Magical staves
 c - an uncursed staff of cold
 w - an uncursed staff of wizardry
Rods
 v - a +2 rod of ignition (9/9)
   (You took it off a minotaur in a labyrinth)
Jewellery
 g - a +3 ring of dexterity (left hand)
 m - an uncursed ring of protection from magic
 t - an uncursed ring of teleportation
 u - an amulet of rage (around neck)
 R - the ring of Napnon (right hand) {EV+3 Int+6 Dex-3}
   (You bought it in a shop on level 4 of the Orcish Mines)

   [ring of evasion]

   It affects your evasion (+3).
   It affects your intelligence (+6).
   It affects your dexterity (-3).
 Y - an uncursed ring of protection from fire
Magical devices
 l - a wand of paralysis (7)
 B - a wand of confusion (16)
 M - a wand of heal wounds (0)
 P - a wand of hasting (2)
 T - a wand of cold (7)
 V - a wand of confusion (27)
 W - a wand of disintegration (0)
Scrolls
 i - 4 scrolls of teleportation
 j - 2 scrolls of fog
 k - 3 scrolls of random uselessness {unknown}
 o - 5 scrolls of recharging
 q - 4 scrolls of immolation
 G - 2 scrolls of blinking
 N - 2 scrolls of enchant armour
 O - 3 scrolls of magic mapping
 U - 3 scrolls of remove curse
Potions
 b - a potion of resistance
 f - 2 potions of magic
 n - 2 potions of agility
 s - a potion of cure mutation {unknown}
 y - a potion of lignification
 A - 2 potions of berserk rage
 C - 2 potions of curing
 E - a potion of flight {unknown}
 J - 3 potions of might
 L - 3 potions of brilliance
 Q - 2 potions of cancellation
 X - 2 potions of poison {unknown}
Miscellaneous
 r - a sack of spiders {used: 2}
 I - a box of beasts {used: 1}
Comestibles
 p - 5 slices of pizza
 D - 5 meat rations
 F - 9 bread rations


   Skills:
 + Level 12.7 Fighting
 - Level 20.0 Polearms
 - Level 3.2 Armour
 + Level 15.1 Dodging
 - Level 2.1 Stealth
 - Level 4.0 Spellcasting
   Level 0.7 Conjurations
 - Level 3.1 Charms
 - Level 5.0 Summonings
 - Level 3.0 Translocations
 - Level 7.0 Ice Magic
 - Level 10.0 Invocations
 + Level 9.3 Evocations


You had 10 spell levels left.
You knew the following spells:

 Your Spells              Type           Power        Failure   Level  Hunger
a - Freeze                Ice            ####         1%          1    None
i - Summon Ice Beast      Ice/Summ       ####....     12%         4    ####...
o - Ozocubu's Armour      Chrm/Ice       ####....     4%          3    ###....
s - Condensation Shield   Ice            #####.....   8%          4    ####...
z - Apportation           Tloc           ###.......   3%          1    None


Dungeon Overview and Level Annotations

Branches:
Dungeon (10/15)            Temple (1/1) D:6            Lair (8/8) D:8
  Swamp (4/4) Lair:6        Snake (3/4) Lair:6        Slime (0/6) Lair:7
    Orc (4/4) D:10            Elf (0/3) Orc:3

Altars:
Ashenzari
Kikubaaqudgha
Makhleb
Nemelex Xobeh
Okawaru
Qazlal
Sif Muna
Vehumet
Xom
The Shining One
Beogh

Shops:
D:8 }   Orc:3 *%(   Orc:4 *=*}

Annotations:
D:5 Prince Ribbit
D:6 Menkaure
D:8 Kolbur's ghost, average MfIE
D:10 bear's ghost, experienced HOFi
Snake:3 Vashnia


Message History

You slice the naga sharpshooter!! You burn the naga sharpshooter.
The naga sharpshooter is almost dead.
The naga sharpshooter mumbles some strange words.
The naga sharpshooter magically shoots an arrow of frost.
The arrow of frost hits you but does no damage.
The arrow of frost freezes you.
* * * LOW HITPOINT WARNING * * *
You slice the naga sharpshooter!! You burn the naga sharpshooter.
You kill the naga sharpshooter!
You have reached level 16!
Unknown command.
You are too injured to fight recklessly!
Attack whom?
Press: ? - help, Dir - move target cursor, f - naga sharpshooter
Aim: a naga sharpshooter, wielding a shortbow (haloed)
You reach to attack!
You slice the naga sharpshooter!! You burn the naga sharpshooter.
The naga sharpshooter is moderately wounded.
The naga sharpshooter shoots an arrow.
The arrow hits you.
You die...

. #....... .N..........#... ...
..#.....N#....#........N#... ..
.........#....#.............
.........# ...#.............
.........# .................
#......# #N##.........#
.#....[.###.# ###...####..###
.........)..§#####..............
...........N§§§@§NN..........###
............§######...#####.
.............# #...#
..#......###.# ###...##### #
..........##.####........... #
.........##.##....)........ #.
.........)................. ...
......(................... ...
..............................


You could see a naga sharpshooter and a naga mage.

Vanquished Creatures
  Maud (Orc:4)
  Aizul (Snake:2)
  Nessos (Volcano)
  2 blizzard demons (IceCv)
  A minotaur (Lab)
  8 hydras
  3 naga warriors
  A centaur warrior (Orc:4)
  An alligator (Swamp:1)
  4 anacondas
  2 thrashing horrors (Swamp:4)
  4 naga sharpshooters
  4 shock serpents
  2 spriggans (Swamp:4)
  A fire crab (Lair:8)
  4 ice devils (IceCv)
  3 naga ritualists
  An ice statue (IceCv)
  4 mana vipers
  3 griffons
  3 ugly things
  2 salamanders
  9 elephants
  A faun (Orc:4)
  22 black mambas
  A naga mage (Snake:2)
  An orange demon (Swamp:4)
  3 komodo dragons
  A yaktaur (Volcano)
  2 golden dragon simulacra (IceCv)
  15 spiny frogs
  A large abomination (Swamp:4)
  2 polar bears
  A blue devil (IceCv)
  3 anaconda simulacra (IceCv)
  4 giant leeches
  2 trolls
  7 bog bodies
  A freezing wraith (IceCv)
  A boulder beetle (Lair:7)
  9 blink frogs
  3 slime creatures (Swamp:4)
  A shadow (Swamp:4)
  3 dire elephant simulacra (IceCv)
  A wyvern (Lair:6)
  2 hippogriffs (Lair:8)
  A basilisk (Lair:3)
  11 yaks
  19 nagas
  2 wargs
  A human (D:9)
  9 wolves
  12 vampire mosquitoes
  A death yak simulacrum (IceCv)
  16 insubstantial wisps
  An iron troll simulacrum (IceCv)
  5 harpy simulacra (IceCv)
  4 hydra simulacra (IceCv)
  9 swamp worms
  21 orc warriors
  5 porcupines
  A phantom (D:7)
  13 water moccasins
  An alligator simulacrum (IceCv)
  An ice beast (Orc:4)
  An eye of draining (D:8)
  4 wasps
  13 centaurs
  2 ogres
  2 sky beasts
  A big kobold (D:8)
  A gnoll sergeant (D:7)
  8 crocodiles
  28 giant frogs
  Dowan (D:6)
  5 killer bees
  5 jellies
  9 electric eels
  11 orc priests
  4 crimson imps
  7 lava snakes (Volcano)
  A quasit (D:10)
  3 hounds (D:8)
  3 draconian simulacra (IceCv)
  17 orc wizards
  A giant frog skeleton (D:8)
  6 worker ants
  A polar bear simulacrum (IceCv)
  3 iguanas
  21 sheep
  3 troll simulacra (IceCv)
  5 centaur simulacra (IceCv)
  2 hound zombies (D:5)
  2 worker ant zombies
  4 adders
  6 gnolls
  3 naga simulacra (IceCv)
  29 river rats
  9 white imps (IceCv)
  3 ufetubi (IceCv)
  3 oozes
  2 worms (D:3)
  A giant gecko (D:10)
  84 orcs
  2 ball pythons
  2 goblins (D:1)
  3 hobgoblins
  8 kobolds
  3 bats
  2 giant cockroaches
  3 giant newts
  3 quokkas
  7 rats
632 creatures vanquished.

Vanquished Creatures (collateral kills)
  A tentacled monstrosity (Swamp:4)
  Louise (Snake:1)
  A very ugly thing (Swamp:4)
  2 green deaths (Swamp:4)
  3 hydras (Swamp:4)
  3 naga sharpshooters (Snake:1)
  3 shock serpents
  An ice devil (IceCv)
  A swamp dragon (Swamp:4)
  A naga ritualist (Snake:1)
  A mana viper (Snake:1)
  An ugly thing (Swamp:4)
  3 black mambas (Snake:1)
  2 orange demons (Swamp:4)
  3 spiny frogs (Lair:8)
  A golden dragon simulacrum (IceCv)
  2 blink frogs (Lair:8)
  6 slime creatures (Swamp:4)
  A bog body (Swamp:4)
  A shadow (Swamp:4)
  A hippogriff (Lair:8)
  2 spriggans (Swamp:3)
  A death yak simulacrum (IceCv)
  4 yaks
  A naga (Snake:1)
  A wasp (Swamp:3)
  2 giant frogs (Lair:8)
  3 sheep (Lair:8)
  An orc (Orc:4)
54 creatures vanquished.

Vanquished Creatures (others)
  A hound (D:4)
  An iguana (D:4)
  2 giant geckos (D:4)
  A quokka (D:4)
  38 fungi
  16 plants
59 creatures vanquished.

Grand Total: 745 creatures vanquished

Notes
Turn   | Place    | Note
--------------------------------------------------------------
     0 | D:1      | Kolbur the Merfolk Ice Elementalist began the quest for the Orb.
     0 | D:1      | Reached XP level 1. HP: 13/13 MP: 3/3
   207 | D:2      | Reached XP level 2. HP: 14/19 MP: 0/5
   226 | D:1      | Reached skill level 4 in Ice Magic
   590 | D:3      | Reached XP level 3. HP: 24/24 MP: 1/6
   669 | D:3      | Found a glowing drain.
   681 | D:3      | Reached skill level 5 in Ice Magic
   695 | Sewer    | Entered a sewer
   855 | D:4      | Learned a level 3 spell: Ozocubu's Armour
   885 | D:4      | Got a pair of heavily runed boots
   891 | D:4      | Identified the +1 pair of boots of the Archfiend {-Tele rF++ Dex+3 SInv} (You found it on level 4 of the Dungeon)
   994 | D:5      | Entered Level 5 of the Dungeon
  1000 | D:4      | Reached XP level 4. HP: 28/30 MP: 2/7
  1010 | D:4      | Found a sparkling altar of Nemelex Xobeh.
  1029 | D:4      | Found a shimmering altar of Xom.
  1201 | D:5      | Reached skill level 1 in Polearms
  1201 | D:5      | Reached XP level 5. HP: 24/35 MP: 4/8
  1208 | D:5      | Reached skill level 6 in Ice Magic
  1461 | D:5      | Noticed a centaur
  1479 | D:5      | Killed a centaur
  1479 | D:5      | Reached skill level 5 in Polearms
  1479 | D:5      | Reached XP level 6. HP: 14/41 MP: 0/9
  1485 | D:5      | Learned a level 4 spell: Condensation Shield
  1509 | D:5      | Noticed Prince Ribbit
  1743 | D:6      | Reached skill level 1 in Fighting
  1774 | D:6      | Found a shattered altar of Ashenzari.
  1778 | D:6      | Saw a vision of the Swamp and the Snake Pit.
  1778 | D:6      | Noticed a water moccasin
  1778 | D:6      | Noticed a water moccasin
  1778 | D:6      | Noticed a naga
  1778 | D:6      | Noticed an anaconda
  1778 | D:6      | Noticed a black mamba
  1778 | D:6      | Noticed a black mamba
  1778 | D:6      | Noticed a naga sharpshooter
  1778 | D:6      | Noticed a naga ritualist
  1778 | D:6      | Noticed a black mamba
  1778 | D:6      | Noticed a naga
  1779 | D:6      | Noticed a black mamba
  1779 | D:6      | Noticed a naga
  1796 | D:6      | Noticed Duvessa
  1798 | D:6      | Noticed Dowan
  1798 | D:6      | Noticed Duvessa
  1798 | D:6      | Duvessa changed into Duvessa the sky beast
  1807 | D:6      | Killed Duvessa the sky beast
  1807 | D:6      | Reached XP level 7. HP: 23/49 MP: 4/10
  1816 | D:6      | Killed Dowan
  1881 | D:6      | Reached skill level 7 in Polearms
  1934 | D:6      | Noticed Menkaure
  2012 | D:7      | Reached skill level 8 in Polearms
  2014 | D:8      | Found Jeusaorgh's Gadget Boutique.
  2128 | D:8      | Reached skill level 9 in Polearms
  2128 | D:8      | Reached XP level 8. HP: 13/56 MP: 0/12
  2194 | D:8      | Found a staircase to the Lair.
  2200 | Lair:1   | Entered Level 1 of the Lair of Beasts
  2403 | D:8      | Reached skill level 10 in Polearms
  2598 | D:8      | Noticed Kolbur's ghost (average MfIE)
  2766 | D:7      | Reached skill level 11 in Polearms
  2888 | D:6      | Noticed a slime creature
  2957 | D:6      | Found a staircase to the Ecumenical Temple.
  2965 | Temple   | Entered the Ecumenical Temple
  2978 | Temple   | Became a worshipper of the Shining One
  3142 | D:8      | Reached XP level 9. HP: 64/64 MP: 15/15
  3243 | D:10     | Entered Level 10 of the Dungeon
  3286 | D:10     | Reached skill level 5 in Dodging
  3318 | D:10     | Noticed bear's ghost (experienced HOFi)
  3441 | D:10     | Found a staircase to the Orcish Mines.
  3446 | Orc:1    | Entered Level 1 of the Orcish Mines
  3459 | D:10     | Reached skill level 12 in Polearms
  3467 | D:10     | Learned a level 4 spell: Summon Ice Beast
  3689 | Orc:1    | Reached skill level 1 in Summonings
  3841 | Orc:2    | Found a roughly hewn altar of Beogh.
  3902 | Orc:2    | Acquired the Shining One's first power
  3922 | Orc:1    | Found a roughly hewn altar of Beogh.
  3922 | Orc:1    | Noticed an orc sorcerer
  3961 | Orc:3    | Found Lilifoot's Food Shoppe.
  4232 | Orc:3    | Found a staircase to the Elven Halls.
  4254 | Orc:3    | Found Oliniuj's Antique Weapon Shop.
  4375 | Orc:4    | Entered Level 4 of the Orcish Mines
  4391 | Orc:4    | Reached skill level 13 in Polearms
  4862 | Orc:4    | Noticed Maud
  4877 | Orc:4    | Reached XP level 10. HP: 60/71 MP: 6/16
  4882 | Orc:4    | HP: 3/71 [centaur/arrow (2)]
  5178 | Orc:3    | Found Biarig's General Store.
  5188 | Orc:3    | Acquired the Shining One's second power
  5391 | Orc:3    | Reached skill level 5 in Summonings
  5451 | Orc:3    | Bought a scroll of magic mapping for 49 gold pieces
  5483 | Orc:4    | Noticed an orc knight
  5529 | Orc:4    | Reached skill level 14 in Polearms
  5540 | Orc:4    | Noticed a faun
  5540 | Orc:4    | an orc knight changed into a faun
  5554 | Orc:4    | Killed a faun
  5946 | Orc:4    | Killed Maud
  5946 | Orc:4    | Reached skill level 15 in Polearms
  5973 | Orc:4    | Noticed a centaur warrior
  5990 | Orc:4    | Killed a centaur warrior
  5990 | Orc:4    | Reached skill level 5 in Fighting
  5990 | Orc:4    | Reached XP level 11. HP: 55/80 MP: 6/17
  6189 | Orc:4    | Found Aleneofe's Jewellery Emporium.
  6189 | Orc:4    | Found Togafyel's Assorted Antiques.
  6189 | Orc:4    | Found Itask's Gadget Boutique.
  6191 | Orc:4    | Found Koicuujo's General Store.
  6214 | Orc:4    | Bought a dark potion for 27 gold pieces
  6219 | Orc:4    | Bought the ring of Napnon {EV+3 Int+6 Dex-3} for 583 gold pieces
  6222 | Orc:4    | Bought a scroll of identify for 24 gold pieces
  6222 | Orc:4    | Bought a book of Cantrips for 240 gold pieces
  6433 | D:10     | Learned a level 1 spell: Apportation
  6647 | Lair:1   | Got an ivory flail
  6664 | Lair:1   | Reached skill level 16 in Polearms
  6705 | Lair:1   | Noticed a spiny frog
  6712 | Lair:1   | Killed a spiny frog
  6798 | Lair:2   | Identified the +8 flail "Oxtismez" {crush, rF+ Dex+3 Stlth+} (You found it on level 1 of the Lair of Beasts)
  7047 | Lair:2   | Found a dark tunnel.
  7052 | Volcano  | Entered a volcano
  7186 | Volcano  | Found a radiant altar of Vehumet.
  7186 | Volcano  | Noticed Nessos
  7215 | Volcano  | Killed Nessos
  7215 | Volcano  | Reached skill level 10 in Dodging
  7339 | Lair:2   | Noticed a four-headed hydra
  7348 | Lair:2   | Killed a one-headed hydra
  7400 | Lair:3   | Noticed a lindwurm
  7530 | Lair:3   | Reached XP level 12. HP: 61/92 MP: 10/18
  7797 | Lair:4   | Reached skill level 17 in Polearms
  7817 | Lair:3   | Found a radiant altar of Vehumet.
  8088 | Lair:5   | Found an ancient bone altar of Kikubaaqudgha.
  8224 | Lair:6   | Found a labyrinth entrance.
  8237 | Lab      | Entered a labyrinth
  8326 | Lab      | Noticed a minotaur
  8342 | Lab      | Killed a minotaur
  8345 | Lab      | Got an ichor-stained ring mail
  8364 | Lab      | Identified a +2 rod of ignition (9/9) (You took it off a minotaur in a labyrinth)
  8375 | Lab      | Identified the +1 ring mail of Uriofoij {rF+} (You took it off a minotaur in a labyrinth)
  8386 | Lab      | Got a brightly glowing spear
  8387 | Lab      | Identified the +6 spear "Tem Olok" {pierce, Dex+4} (You found it in a labyrinth)
  8389 | Lab      | Identified Imamyvet's Volume of Twisted Beguiling (You found it in a labyrinth)
  8650 | Lair:6   | Noticed a four-headed hydra
  8659 | Lair:6   | Killed a one-headed hydra
  8704 | Lair:6   | Reached skill level 18 in Polearms
  8836 | Lair:6   | Found a staircase to the Snake Pit.
  8872 | Lair:6   | Reached skill level 10 in Fighting
  8950 | Lair:7   | Found a staircase to the Slime Pits.
  8983 | Lair:7   | Reached XP level 13. HP: 33/103 MP: 19/19
  9218 | Lair:6   | Found a staircase to the Swamp.
  9243 | Swamp:1  | Entered Level 1 of the Swamp
  9461 | Swamp:3  | Found a frozen archway.
  9500 | IceCv    | Entered an ice cave
  9550 | IceCv    | Acquired the Shining One's third power
  9633 | IceCv    | Reached skill level 1 in Invocations
  9743 | IceCv    | Acquired the Shining One's fourth power
 10117 | IceCv    | Reached skill level 19 in Polearms
 10214 | IceCv    | Noticed a blizzard demon
 10214 | IceCv    | Noticed a blizzard demon
 10241 | IceCv    | Reached skill level 5 in Invocations
 10246 | IceCv    | Killed a blizzard demon
 10256 | IceCv    | Killed a blizzard demon
 10269 | IceCv    | HP: 3/106 [ice devil (29)]
 10392 | IceCv    | Got a steaming chain mail
 10473 | Swamp:4  | Entered Level 4 of the Swamp
 10566 | Swamp:4  | Noticed a thorn hunter
 10601 | Swamp:4  | Reached XP level 14. HP: 74/113 MP: 13/20
 10694 | Swamp:4  | Reached skill level 1 in Evocations
 10736 | Swamp:4  | Noticed a tentacled monstrosity
 10753 | Swamp:4  | Killed a tentacled monstrosity
 10803 | Swamp:4  | Identified the cursed +1 chain mail of Yssidghin {+Blink rElec rPois Dex-5} (You found it in an ice cave)
 10846 | Swamp:4  | Noticed a white very ugly thing
 10855 | Swamp:4  | Noticed a green death
 10864 | Swamp:4  | Reached skill level 20 in Polearms
 10907 | Swamp:4  | Killed a white very ugly thing
 10973 | Swamp:4  | Killed a green death
 10992 | Swamp:4  | Reached skill level 1 in Translocations
 11029 | Swamp:4  | Noticed a green death
 11073 | Swamp:4  | Killed a green death
 11106 | Swamp:4  | Reached skill level 10 in Invocations
 11137 | Swamp:4  | Got a decaying rune of Zot
 11274 | Snake:1  | Entered Level 1 of the Snake Pit
 11471 | Lair:8   | Entered Level 8 of the Lair of Beasts
 11695 | Lair:8   | Reached skill level 5 in Evocations
 11889 | Lair:8   | Reached skill level 1 in Armour
 12163 | Lair:8   | Reached XP level 15. HP: 26/118 MP: 16/22
 12977 | Snake:1  | Noticed Louise
 13000 | Snake:1  | Killed Louise
 14243 | Snake:2  | HP: 9/180 [naga ritualist/dagger of venom (8)]
 14265 | Snake:2  | HP: 9/180 [poisoned by a naga ritualist]
 14270 | Snake:2  | HP: 5/120 [poisoned by a naga ritualist]
 14277 | Snake:2  | HP: 3/120 [poisoned by a naga ritualist]
 14282 | Snake:2  | HP: 4/120 [poisoned by a naga ritualist]
 14287 | Snake:2  | HP: 4/120 [poisoned by a naga ritualist]
 14290 | Snake:2  | Noticed Aizul
 14316 | Snake:2  | Killed Aizul
 14785 | Orc:3    | Bought the +1 robe of the Beginning {rPois rF+ MR- SInv} for 334 gold pieces
 14866 | Orc:4    | Bought an uncursed ring of protection from magic for 425 gold pieces
 14866 | Orc:4    | Bought a cursed ring of teleportation for 246 gold pieces
 15305 | Snake:1  | Got a spiked ring mail
 15395 | Snake:2  | Identified the +2 ring mail "Axarient" {rC+ rN+ Str+4 Int+5} (You found it on level 1 of the Snake Pit)
 15524 | Snake:3  | Noticed Vashnia
 15917 | Snake:3  | Reached skill level 15 in Dodging
 15962 | Snake:3  | HP: 6/122 [naga/halberd (17)]
 15977 | Snake:3  | HP: 3/183 [naga sharpshooter/arrow[Vashnia] (23)]
 15979 | Snake:3  | Reached XP level 16. HP: 2/129 MP: 6/23
 15980 | Snake:3  | Shot with an arrow by a naga sharpshooter

Vault maps used:
D:1:      dpeg_arrival_water_altar
D:2:      old_standard_altar, kennysheep_generic_room_7, uniq_natasha
D:3:      gup_sewer_entry_bubbles
D:4:      nemelex_deck, xom_confusion_cloud
D:5:      first_bread, hangedman_decor_growths, uniq_prince_ribbit1
D:6:      lemuel_slime, temple_statues, grunt_ashenzari_visionary,
          uniq_crazy_yiuf_cottage, uniq_duvessa, uniq_menkaure
D:7:      zin_treasury
D:8:      lair_0_dummy, serial_shops, shop, shop
D:9:      grunt_pizzeria
D:10:     orc_0_dummy
Temple:   nicolae_temple_the_god_donut
Lair:1:   infiniplex_staircase_pool, serial_bayou_shore_a, serial_bayou_shore_b
Lair:2:   enter_volcano_4
Lair:3:   basic_altar, minmay_lindwurm_lava
Lair:5:   basic_altar
Lair:6:   minmay_swamp_entry_worms, minmay_snake_entry_guardpost_small,
          lab_entry_generic, lemuel_fruit_tree
Lair:7:   nicolae_slime_entry_slimehenge, serial_bayou_lake_a
Lair:8:   minmay_lair_end_frog_pond, hangedman_lair_generics_rect
Swamp:1:  evilmike_swamp_ruin_house_1
Swamp:2:  serial_swamp_ruin, evilmike_swamp_ruin_rubble_2,
          evilmike_swamp_ruin_rubble_1
Swamp:3:  cheibrodos_swamp_heart_of_darkness, portal_ice_cave_entry_pillars_01,
          nicolae_swamp_round_clearing, swamp_pool3
Swamp:4:  swamp_vile, swamp_pool3
Snake:1:  nicolae_snake_nest, uniq_louise
Snake:2:  uniq_aizul
Snake:3:  uniq_vashnia
Orc:1:    basic_altar
Orc:2:    basic_altar
Orc:3:    serial_shops, nicolae_shop_waterfront, shop, shop,
          nicolae_orc_pool_cavern
Orc:4:    st_orc_rangers, nicolae_orc_bridge_out, uniq_maud
Lab:      labyrinth_watery, nicolae_lab_do_over, nicolae_lab_big_swirl,
          labyrinth_skeletal_remains, nicolae_lab_starburst
Sewer:    sewer_kobolds
IceCv:    ice_cave_caverns_01
Volcano:  volcano_grotto

Action                   |  1- 3 |  4- 6 |  7- 9 | 10-12 | 13-15 | 16-18 || total
-------------------------+-------+-------+-------+-------+-------+-------++-------
Melee: Unarmed           |     9 |       |       |       |       |       ||     9
       Whip              |    24 |       |       |       |       |       ||    24
       Trident           |       |    57 |   325 |    25 |       |       ||   407
       Glaive            |       |       |    63 |   526 |  1310 |     1 ||  1900
       Spear             |       |       |       |    17 |    37 |       ||    54
 Fire: Blowgun           |       |       |    11 |       |       |       ||    11
       Arbalest          |       |       |       |    69 |       |       ||    69
Throw: Stone             |    10 |     5 |    14 |       |       |       ||    29
       Tomahawk          |       |       |       |     6 |     7 |       ||    13
 Cast: Freeze            |    47 |    32 |   118 |    36 |    51 |       ||   284
       Ozocubu's Armour  |       |     4 |    37 |    50 |    92 |       ||   183
       Condensation Shie |       |       |     4 |    15 |    53 |       ||    72
       Summon Ice Beast  |       |       |     3 |    18 |    34 |       ||    55
       Apportation       |       |       |       |       |     5 |       ||     5
Invok: Summon Divine War |       |       |       |       |     7 |       ||     7
       Cleansing Flame   |       |       |       |       |     2 |       ||     2
Evoke: Wand              |       |     3 |     3 |     9 |    27 |       ||    42
       Rod               |       |       |       |       |     4 |       ||     4
       Sack of spiders   |       |       |       |       |     2 |       ||     2
       Box of beasts     |       |       |       |       |     1 |       ||     1
  Use: Scroll            |     4 |     3 |     7 |     7 |    13 |       ||    34
       Potion            |       |       |     3 |     2 |    14 |       ||    19
 Stab: Sleeping          |     5 |       |     3 |     1 |       |       ||     9
       Distracted        |       |       |     2 |       |     2 |       ||     4
  Eat: Chunk             |     1 |    10 |    18 |    28 |    22 |       ||    79
       Beef jerky        |       |       |       |       |     4 |       ||     4
       Fruit             |       |       |       |       |     9 |       ||     9
       Pizza             |       |       |       |       |     6 |       ||     6
       Royal jelly       |       |       |       |       |     2 |       ||     2

Vault maps used:
D:1:      dpeg_arrival_water_altar
D:2:      old_standard_altar, kennysheep_generic_room_7, uniq_natasha
D:3:      gup_sewer_entry_bubbles
D:4:      nemelex_deck, xom_confusion_cloud
D:5:      first_bread, hangedman_decor_growths, uniq_prince_ribbit1
D:6:      lemuel_slime, temple_statues, grunt_ashenzari_visionary,
          uniq_crazy_yiuf_cottage, uniq_duvessa, uniq_menkaure
D:7:      zin_treasury
D:8:      lair_0_dummy, serial_shops, shop, shop
D:9:      grunt_pizzeria
D:10:     orc_0_dummy
Temple:   nicolae_temple_the_god_donut
Lair:1:   infiniplex_staircase_pool, serial_bayou_shore_a, serial_bayou_shore_b
Lair:2:   enter_volcano_4
Lair:3:   basic_altar, minmay_lindwurm_lava
Lair:5:   basic_altar
Lair:6:   minmay_swamp_entry_worms, minmay_snake_entry_guardpost_small,
          lab_entry_generic, lemuel_fruit_tree
Lair:7:   nicolae_slime_entry_slimehenge, serial_bayou_lake_a
Lair:8:   minmay_lair_end_frog_pond, hangedman_lair_generics_rect
Swamp:1:  evilmike_swamp_ruin_house_1
Swamp:2:  serial_swamp_ruin, evilmike_swamp_ruin_rubble_2,
          evilmike_swamp_ruin_rubble_1
Swamp:3:  cheibrodos_swamp_heart_of_darkness, portal_ice_cave_entry_pillars_01,
          nicolae_swamp_round_clearing, swamp_pool3
Swamp:4:  swamp_vile, swamp_pool3
Snake:1:  nicolae_snake_nest, uniq_louise
Snake:2:  uniq_aizul
Snake:3:  uniq_vashnia
Orc:1:    basic_altar
Orc:2:    basic_altar
Orc:3:    serial_shops, nicolae_shop_waterfront, shop, shop,
          nicolae_orc_pool_cavern
Orc:4:    st_orc_rangers, nicolae_orc_bridge_out, uniq_maud
Lab:      labyrinth_watery, nicolae_lab_do_over, nicolae_lab_big_swirl,
          labyrinth_skeletal_remains, nicolae_lab_starburst
Sewer:    sewer_kobolds
IceCv:    ice_cave_caverns_01
Volcano:  volcano_grotto

Table legend:
 A = Turns spent in this place as a percentage of turns spent in the entire game.
 B = Non-inter-level travel turns spent in this place as a percentage of non-inter-level travel turns spent in the entire game.
 C = Inter-level travel turns spent in this place as a percentage of turns spent in this place.
 D = Turns resting spent in this place as a percentage of non-inter-level travel turns spent in this place.
 E = Turns spent auto-exploring this place as a percentage of non-inter-level travel turns spent in this place.
 F = Non-inter-level travel turns spent in this place divided by the number of levels of this place that you've seen.
                   A       B       C       D       E      F
               +-------+-------+-------+-------+-------+----------------------
         Total | 100.0 | 100.0 |   0.3 |   0.1 |   0.0 | 466.6
       Dungeon |  21.2 |  21.2 |   0.2 |   0.0 |   0.0 | 337.1
        Temple |   0.1 |   0.1 |   5.6 |   0.0 |   0.0 |  17.0
          Lair |  26.8 |  26.8 |   0.5 |   0.0 |   0.0 | 531.0
         Swamp |   7.7 |   7.8 |   0.2 |   0.0 |   0.0 | 307.5
     Snake Pit |  14.6 |  14.7 |   0.1 |   0.3 |   0.0 | 775.0
  Orcish Mines |  20.1 |  20.0 |   0.5 |   0.3 |   0.0 | 795.0
     Labyrinth |   1.1 |   1.1 |   0.0 |   0.0 |   0.0 | 177.0
         Sewer |   0.1 |   0.1 |   0.0 |   0.0 |   0.0 |  12.0
      Ice Cave |   6.4 |   6.4 |   0.0 |   0.4 |   0.0 | 1022.0
       Volcano |   1.8 |   1.8 |   0.0 |   0.0 |   0.0 | 283.0
               +-------+-------+-------+-------+-------+----------------------
